 Dungeon Crawl Stone Soup version 0.19-a0-488-gf8766cc (webtiles) character file.

148 Delvonshi the Conjurer (level 5, 0/25 HPs)
             Began as a Vine Stalker Conjurer on June 4, 2016.
             Was an Initiate of Sif Muna.
             Killed from afar by Sigmund (4 damage)
             ... with a puff of flame
             ... on level 4 of the Dungeon.
             The game lasted 00:06:35 (3241 turns).

Delvonshi the Conjurer (Vine Stalker Conjurer)      Turns: 3241, Time: 00:06:36

Health: 0/25       AC:  4    Str: 10    XL:     5   Next: 30%
Magic:  0/12       EV: 12    Int: 16    God:    Sif Muna [......]
Gold:   224        SH:  0    Dex: 15    Spells: 2 memorised, 7 levels left

rFire  . . .     SeeInvis .     f - +1 whip (elec)
rCold  . . .     Gourm    .     a - +0 robe
rNeg   . . .     Faith    .     (no shield)
rPois  .         Spirit   +     (no helmet)
rElec  .         Dismiss  .     (no cloak)
rCorr  +         Reflect  .     u - +1 pair of gloves
SustAt .         Harm     .     (no boots)
MR     +....                    (no amulet)
Stlth  ++........               s - ring of protection from magic
                                r - ring of resist corrosion

@: somewhat resistant to hostile enchantments, unstealthy
A: fangs 2, regeneration 1, magic shield, antimagic bite, no device heal 3, rot
immunity
a: Renounce Religion


You were on level 4 of the Dungeon.
You worshipped Sif Muna.
Sif Muna was noncommittal.
You were near starving.

You visited 1 branch of the dungeon, and saw 4 of its levels.

You collected 224 gold pieces.

Inventory:

Hand Weapons
 d - a +0 dagger
 f - a +1 whip of electrocution (weapon)
Armour
 a - a +0 robe (worn)
 u - a +1 pair of gloves (worn)
Jewellery
 r - a ring of resist corrosion (left hand)
 s - a ring of protection from magic (right hand)
Wands
 v - a wand of polymorph (9/24)
Scrolls
 e - a scroll of enchant armour {unknown}
 h - a scroll of immolation {unknown}
 p - a scroll of identify {unknown}
 t - 2 scrolls of teleportation {unknown}
 w - a scroll of enchant weapon {unknown}
Potions
 i - a potion of ambrosia {unknown}
 j - a potion of cure mutation {unknown}
 k - 2 potions of might {unknown}
 l - a potion of lignification {unknown}
 n - 2 potions of flight {unknown}
 o - 2 potions of curing {unknown}
 q - 3 potions of agility {unknown}
Books
 b - a book of Conjurations

   Spells                             Type                      Level
   a - Magic Dart                     Conjuration                  1
   b - Searing Ray                    Conjuration                  2
   c - Dazzling Spray                 Conjuration/Hexes            3
   d - Fulminant Prism                Conjuration/Hexes            4
   e - Iskenderun's Mystic Blast      Conjuration                  4
   f - Iskenderun's Battlesphere      Conjuration/Charms           5
Comestibles
 c - 3 bread rations
 g - 4 meat rations
 m - a slice of pizza


   Skills:
 + Level 1.1 Fighting
 - Level 1.5 Dodging
 - Level 2.4 Stealth
 + Level 4.0 Spellcasting
 + Level 5.1 Conjurations


You had 7 spell levels left.
You knew the following spells:

 Your Spells              Type           Power        Failure   Level  Hunger
a - Magic Dart            Conj           ###.         1%          1    None
b - Iskenderun's Mystic   Conj           ###.....     21%         4    ####...


Dungeon Overview and Level Annotations

Branches:
Dungeon (4/15)
 Temple: D:4-7

Altars:
Elyvilon
Fedhas
Gozag
Sif Muna
Trog

Annotations:
D:4 Sigmund


Innate Abilities, Weirdness & Mutations

You have extremely sharp teeth.
Your natural rate of healing is unusually fast.
When hurt, damage is shared between your health and your magic reserves.
Your bite disrupts and absorbs the magic of your enemies.
Potions and wands cannot restore your health.
You are immune to rotting.


Message History

Sigmund flickers and vanishes!
Deactivating autopickup; reactivate with Ctrl-A.
You hit something but do no damage.
You are near starving!
Something hits you.
You closely miss something.
You hear some strange, mumbled words.
A puff of flame appears from out of thin air!
The puff of flame hits you!
You barely miss something. Your bite misses something. Something hits you!
A puff of flame appears from out of thin air!
The puff of flame hits you!
* * * LOW HITPOINT WARNING * * *
There is an open door here.
Casting: Magic Dart
Confirm with . or Enter, or press ? or * to list all spells.
Okay, then.
A puff of flame appears from out of thin air!
The puff of flame hits you!
You die...

##.### #.......#
#..<# #.....#
###.# ##....#
#.#######'#.##
#......##.#.{#
#.####.#####'###
#.####.###≈§.≈≈#
#.##.....#≈...≈#
#.##.#...)@._..+
#......#.#≈...≈#
#.##.###.#≈≈.≈≈#
#.... #.###+###
### #.. ###


There were no monsters in sight!

Vanquished Creatures
  Ijyb (D:3)
  A hound skeleton (D:3)
  2 adders
  3 worms
  A giant gecko (D:2)
  2 orcs (D:4)
  8 bats
  6 giant cockroaches
  13 goblins
  8 hobgoblins
  7 jackals (D:1)
  A quokka (D:3)
  3 ball pythons
  3 giant newts
  A jackal skeleton (D:4)
  7 kobolds
  3 rats
70 creatures vanquished.

Notes
Turn   | Place    | Note
--------------------------------------------------------------
     0 | D:1      | Delvonshi the Vine Stalker Conjurer began the quest for the Orb.
     0 | D:1      | Reached XP level 1. HP: 9/9 MP: 4/4
   111 | D:1      | Reached XP level 2. HP: 9/13 MP: 3/6
   819 | D:1      | Reached XP level 3. HP: 16/16 MP: 8/8
  1304 | D:2      | Found a white marble altar of Elyvilon.
  1345 | D:2      | Reached XP level 4. HP: 11/21 MP: 1/10
  1460 | D:2      | Found an opulent altar of Gozag.
  1537 | D:2      | Found a blossoming altar of Fedhas.
  1576 | D:2      | Found a bloodstained altar of Trog.
  2005 | D:3      | Noticed Ijyb
  2041 | D:3      | Killed Ijyb
  2041 | D:3      | Reached skill level 5 in Conjurations
  2157 | D:3      | Reached XP level 5. HP: 19/25 MP: 9/11
  2176 | D:3      | Reached skill level 1 in Fighting
  2976 | D:3      | Learned a level 4 spell: Iskenderun's Mystic Blast
  3186 | D:4      | Found a deep blue altar of Sif Muna.
  3193 | D:4      | Noticed Sigmund
  3196 | D:4      | Became a worshipper of Sif Muna the Loreminder
  3241 | D:4      | Killed from afar by Sigmund

Vault maps used:
D:1:      mrwooster_arrival_statue
D:2:      nicolae_overflow_crystal_walls,
          nicolae_gozag_cash_rules_everything_around_me, old_standard_altar,
          fedhas_altar_1
D:3:      kennysheep_the_goblin_king, first_bread, minmay_stone_trees_small,
          kennysheep_flooded_box
D:4:      grunt_qazlal_sundering, kennysheep_little_box, serial_shops, shop,
          uniq_duvessa, uniq_sigmund

Skill      XL: |  1  2  3  4  5 |
---------------+----------------+-----
Spellcasting   | 3 4 |  4.0
Conjurations   | 5 |  5.1
Fighting       | 1 |  1.1
Dodging        | |  1.5
Stealth        | |  2.4

Action                   |  1- 3 |  4- 6 || total
-------------------------+-------+-------++-------
Melee: Dagger            |    38 |       ||    38
       Bite              |    14 |    18 ||    32
       Whip              |    51 |   113 ||   164
 Cast: Magic Dart        |    24 |    16 ||    40
  Use: Scroll            |       |     5 ||     5
 Stab: Sleeping          |     2 |     5 ||     7
  Eat: Chunk             |     2 |     4 ||     6
Armor: Robe              |    22 |    25 ||    47
       Leather armour    |       |     1 ||     1
Dodge: Dodged            |    84 |    86 ||   170
